 Dungeon Crawl Stone Soup version 0.18-a0-912-g81d1dc4 (webtiles) character file.

1474 M4edhros the Covert (level 8, -3/48 HPs)
             Began as an Octopode Artificer on Dec 25, 2015.
             Was an Initiate of Okawaru.
             Slain by an orc warrior
             ... wielding a +0 short sword
              (23 damage)
             ... on level 6 of the Dungeon.
             The game lasted 00:15:07 (5017 turns).

M4edhros the Covert (Octopode Artificer)            Turns: 5017, Time: 00:15:07

Health: -3/48      AC:  1    Str: 10    XL:     8   Next: 78%
Magic:  12/12      EV: 17    Int: 16    God:    Okawaru [......]
Gold:   30         SH:  0    Dex: 17    Spells: 0 memorised, 7 levels left

rFire  . . .     SeeInvis +     P - +3 trident
rCold  . . .     Gourm    .     (no shield)
rNeg   + . .     Faith    .     (helmet restricted)
rPois  .         Spirit   .     t - amulet of Agnosticism {Harm *Drain Fragile +Inv SInv}
rElec  .         Dismiss  .     e - +4 ring of dexterity
rCorr  .         Reflect  .     w - ring of positive energy
SustAt .         Harm     +     x - ring of flight
MR     .....                    (no ring)
Stlth  ++++++....               (no ring)
                                (no ring)
                                (no ring)
                                (no ring)

@: not resistant to hostile enchantments, very stealthy
A: almost no armour, amphibious, 8 rings, constrict 8, camouflage 1, gelatinous
body 1
a: Renounce Religion, Evoke Invisibility, Evoke Flight


You were on level 6 of the Dungeon.
You worshipped Okawaru.
Okawaru was noncommittal.
You were not hungry.

You visited 2 branches of the dungeon, and saw 7 of its levels.

You collected 454 gold pieces.
You spent 424 gold pieces at shops.

Inventory:

Hand Weapons
 a - a +0 short sword
 k - a +2 whip of draining
 r - a +0 short sword of electrocution
 u - a +6 mace of protection
 P - a +3 trident (weapon)
Missiles
 i - 15 sling bullets of frost
 l - 307 stones (quivered)
 o - 36 sling bullets
Jewellery
 e - a +4 ring of dexterity (left tentacle)
 p - an uncursed amulet of faith
 t - the amulet of Agnosticism (around mantle) {Harm *Drain Fragile +Inv SInv}
   (You found it on level 4 of the Dungeon)

   [amulet of harm]

   It increases damage dealt and taken.
   It lets you see invisible.
   It lets you turn invisible.
   It will be destroyed if unequipped.
 w - a ring of positive energy (right tentacle)
 x - a ring of flight (on tentacle)
Wands
 b - a wand of flame (0/48)
 c - a wand of enslavement (20/24)
 d - a wand of random effects (0/48)
 g - a wand of confusion (32/48)
 A - a wand of polymorph (9/24)
 L - a wand of magic darts (29/48)
 R - a wand of fire (2/15)
Scrolls
 h - 3 scrolls of recharging
 m - a scroll of fog
 n - 4 scrolls of amnesia
 q - a scroll of magic mapping
 y - 2 scrolls of fear
 B - a scroll of noise {unknown}
 C - 3 scrolls of remove curse
 F - 3 scrolls of identify
 H - 3 scrolls of teleportation
 I - a scroll of enchant armour {unknown}
Potions
 j - a potion of berserk rage
 z - a potion of heal wounds {unknown}
 D - a potion of ambrosia {unknown}
 G - a potion of magic {unknown}
 J - a potion of beneficial mutation {unknown}
 K - 2 potions of agility
 M - a potion of mutation {unknown}
 N - 2 potions of might
 O - a potion of haste
Books
 v - a book of Maledictions

   Spells                             Type                      Level
   a - Corona                         Hexes                        1
   b - Ensorcelled Hibernation        Hexes/Ice                    2
   c - Confuse                        Hexes                        3
   d - Tukima's Dance                 Hexes                        3
   e - Dazzling Spray                 Conjuration/Hexes            3
Comestibles
 f - 3 bread rations
 s - 2 beef jerkies
 E - 2 slices of pizza
 Q - a chunk of flesh


   Skills:
 - Level 1.0 Fighting
 - Level 1.0 Short Blades
 * Level 7.2 Dodging
 * Level 9.4 Stealth
 + Level 5.9 Evocations


You had 7 spell levels left.
You didn't know any spells.

Dungeon Overview and Level Annotations

Branches:
Dungeon (6/15)             Temple (1/1) D:6

Altars:
Ashenzari
Cheibriados
Dithmenos
Elyvilon
Fedhas
Gozag
Makhleb
Nemelex Xobeh
Okawaru
Pakellas
Qazlal
Ru
Sif Muna
Trog
Vehumet
Xom
Zin
The Shining One

Shops:
D:6 (!:**


Innate Abilities, Weirdness & Mutations

You cannot wear most types of armour.
You are amphibious.
You can wear up to eight rings at the same time.
You can use your tentacles to constrict eight enemies at once.
Your skin changes colour to match your surroundings (Stealth).
Your rubbery body absorbs attacks (AC +1).


Message History

An orc warrior comes into view. It is wielding a short sword.
There is an open door here.
You hit the orc warrior. You grab the orc warrior. You squeeze the orc warrior.
The orc warrior is lightly wounded.
You constrict the orc warrior, but do no damage.
The orc warrior hits you with a short sword!
You hit the orc warrior but do no damage.
You squeeze the orc warrior.
The orc warrior is moderately wounded.
You constrict the orc warrior, but do no damage.
The orc warrior hits you with a short sword!
Evoke which item? (* to show all) (? for menu, Esc to quit)
Okay, then.
Read which item? (? for menu, Esc to quit)
Identify which item? (\ to view known items) (? for menu, Esc to quit)
As you read the scroll of identify, it crumbles to dust.
R - a wand of fire (2/15)
You constrict the orc warrior, but do no damage.
The orc warrior hits you with a short sword!!
You die...

#####...# #.....# ***
##...## ##...## #.....#
#####'######## #.....#
#.......##...## #.....#
#.......#....)# #...<.#
#....8..'.....# #.....#
#.......#.....#
#####.###.......##...##
###....).###@########
#...†∩.####.o.#*
***##.#...####.....#
,,..........##.....#
**####.#.##.##.....#
#.#.##.###...##
#.#.....######
#.####.## #.####.#


You could see an orc warrior.

Vanquished Creatures
  Sigmund (D:4)
  3 sky beasts
  3 ogres (D:5)
  A giant frog (D:6)
  2 scorpions
  2 giant frog zombies
  A centaur skeleton (D:5)
  2 crimson imps
  2 hounds
  A worker ant (D:6)
  2 iguanas (D:5)
  An orc wizard (D:5)
  2 hound zombies (D:6)
  A worker ant zombie (D:6)
  6 adders
  6 gnolls
  A shadow imp (D:5)
  An adder zombie (D:5)
  An adder skeleton (D:4)
  A worm (D:4)
  5 giant geckos
  16 orcs
  2 ball pythons
  6 bats
  2 giant cockroaches
  4 goblins
  12 hobgoblins
  3 jackals
  4 quokkas
  A ball python skeleton (D:5)
  4 giant newts
  11 kobolds
  A quokka skeleton (D:5)
  5 rats
116 creatures vanquished.

Vanquished Creatures (collateral kills)
  2 gnolls (D:4)
  A worm (D:3)
  A giant gecko (D:3)
  A hobgoblin (D:3)
5 creatures vanquished.

Vanquished Creatures (others)
  2 gnolls (D:3)
  An adder (D:3)
3 creatures vanquished.

Grand Total: 124 creatures vanquished

Notes
Turn   | Place    | Note
--------------------------------------------------------------
     0 | D:1      | M4edhros the Octopode Artificer began the quest for the Orb.
     0 | D:1      | Reached XP level 1. HP: 13/13 MP: 3/3
   337 | D:3      | Reached XP level 2. HP: 18/18 MP: 4/4
   361 | D:3      | Reached XP level 3. HP: 2/23 MP: 5/5
   915 | D:4      | Got a transparent brass amulet
   935 | D:4      | Noticed a scorpion
   958 | D:4      | Noticed Sigmund
   984 | D:4      | Reached XP level 4. HP: 28/28 MP: 6/6
  1021 | D:4      | Identified the amulet of Agnosticism {Harm *Drain Fragile +Inv SInv} (You found it on level 4 of the Dungeon)
  1115 | D:4      | Killed Sigmund
  1115 | D:4      | Reached skill level 4 in Dodging
  1115 | D:4      | Reached skill level 5 in Stealth
  1115 | D:4      | Reached XP level 5. HP: 33/33 MP: 6/8
  1115 | D:4      | Reached XP level 6. HP: 38/38 MP: 6/9
  1687 | D:5      | Entered Level 5 of the Dungeon
  1740 | D:5      | Reached skill level 5 in Dodging
  1740 | D:5      | Reached skill level 6 in Stealth
  1740 | D:5      | Reached XP level 7. HP: 43/43 MP: 10/10
  1774 | D:5      | Found an iron altar of Okawaru.
  1815 | D:5      | Reached skill level 5 in Evocations
  2035 | D:5      | Reached skill level 7 in Stealth
  2429 | D:5      | Reached XP level 8. HP: 23/48 MP: 12/12
  2706 | D:5      | Reached skill level 8 in Stealth
  2762 | D:6      | Found Nujuhogh's Antique Weapon Shop.
  2770 | D:6      | Found Ciots's Book Shop.
  2860 | D:6      | Found Wuydaqosk's Assorted Antiques.
  2863 | D:6      | Bought a jewelled lead wand for 92 gold pieces
  2863 | D:6      | Bought a scroll labeled OTZABADOST for 23 gold pieces
  2863 | D:6      | Bought a lumpy yellow potion for 20 gold pieces
  2902 | D:6      | Found a staircase to the Ecumenical Temple.
  2909 | Temple   | Entered the Ecumenical Temple
  2939 | Temple   | Became a worshipper of Xom the Psychopath
  2970 | Temple   | Fell from the grace of Xom
  2970 | Temple   | Became a worshipper of Warmaster Okawaru
  3024 | D:5      | XOM: medium Hex miscast
  3638 | D:2      | Found a radiant altar of Vehumet.
  3638 | D:2      | Found an opulent altar of Gozag.
  3918 | D:2      | Reached skill level 9 in Stealth
  4477 | D:3      | XOM: blink monster(s)
  4688 | D:6      | Found Fyxzol's Distillery.
  4695 | D:6      | Bought a potion of agility for 44 gold pieces
  4695 | D:6      | Bought a potion of haste for 110 gold pieces
  4695 | D:6      | Bought a potion of might for 44 gold pieces
  4826 | D:6      | Found Suukk's Assorted Antiques.
  4958 | D:6      | Bought a scroll of fear for 91 gold pieces
  5017 | D:6      | Slain by an orc warrior

Vault maps used:
D:1:      minmay_arrival_arboretum_small
D:2:      gammafunk_temple_overflow_elements
D:4:      uniq_sigmund
D:5:      first_bread, basic_altar
D:6:      temple_fountains, serial_shops, kennysheep_little_box, shop, shop,
          shop, kennysheep_mini_moat, minmay_three_doors
Temple:   grunt_circular_temple_18

Action                   |  1- 3 |  4- 6 |  7- 9 || total
-------------------------+-------+-------+-------++-------
Melee: Short sword       |    13 |    28 |   143 ||   184
       Whip              |    19 |       |       ||    19
       Trident           |       |       |    12 ||    12
Evoke: Wand              |    17 |    16 |     4 ||    37
  Use: Scroll            |     3 |     3 |     5 ||    11
       Potion            |       |     4 |     1 ||     5
 Stab: Sleeping          |     4 |     2 |    31 ||    37
       Confused          |       |       |     1 ||     1
       Distracted        |       |       |     1 ||     1
  Eat: Chunk             |       |     2 |    12 ||    14
